 Dungeon Crawl Stone Soup version 0.29-a0-284-gf9362112df (webtiles) character file.

Game seed: 1170995823346525230

55640 ooooo the Ruinous (level 14, -8/76 HPs)
             Began as an Octopode Conjurer on Mar 19, 2022.
             Was an Initiate of Gozag.
             Mangled by an orc knight
             ... wielding a +0 battleaxe
              (21 damage)
             ... while paralysed by an orc sorcerer
             ... on level 2 of the Orcish Mines.
             The game lasted 01:26:48 (34749 turns).

ooooo the Ruinous (Octopode Conjurer)              Turns: 34749, Time: 01:26:49

Health: -8/76      AC:  7    Str:  7    XL:     14   Next: 78%
Magic:  7/30       EV:  2    Int: 28    God:    Gozag
Gold:   4736       SH:  0    Dex: 16    Spells: 19/37 levels left

rFire   + + .      SeeInvis .   K - staff of fire
rCold   + + .      Faith    .   l - orb {light}
rNeg    + . .      Spirit   .   W - +2 hat {Int+3}
rPois   .          Reflect  .   T - amulet of magic regeneration
rElec   .          Harm     .   e - +4 ring of protection
rCorr   +          Rampage  .   s - ring of willpower
Will    ++...                   A - +6 ring of dexterity
Stlth   ++........              H - ring of positive energy
HPRegen 0.22/turn               J - ring of protection from fire
MPRegen 0.62/turn               M - ring of protection from cold
                                g - ring of protection from cold
                                V - ring of resist corrosion

@: paralysed, gold aura, glowing
A: almost no armour, amphibious, 8 rings, camouflage 1, gelatinous body 1,
(nimble swimmer 1), tentacles
a: Renounce Religion, Potion Petition, Call Merchant, Bribe Branch


You were on level 2 of the Orcish Mines.
You worshipped Gozag.
Gozag was most pleased with you.
You visited 4 branches of the dungeon, and saw 21 of its levels.

You collected 5013 gold pieces.
You spent 215 gold pieces at shops.
You paid 62 gold pieces to Gozag.

Inventory:

Hand Weapons
 o - a +4 mace of flaming
 p - a +2 flail of holy wrath
 r - a +2 dagger of freezing
 y - a +2 flail of protection
 L - a +2 demon whip of venom
 O - a +2 short sword of electrocution
Missiles
 t - 9 atropa-tipped darts
 G - 12 curare-tipped darts
Armour
 l - an orb of light (worn)
 W - a +2 hat of intelligence (worn)
Magical Staves
 K - a staff of fire (weapon)
Jewellery
 e - a +4 ring of protection (left tentacle)
 g - a ring of protection from cold (on tentacle)
 i - a ring of flight
 k - a ring of positive energy
 s - a ring of willpower (right tentacle)
 A - a +6 ring of dexterity (on tentacle)
 H - a ring of positive energy (on tentacle)
 J - a ring of protection from fire (on tentacle)
 M - a ring of protection from cold (on tentacle)
 R - a ring of positive energy
 T - an amulet of magic regeneration (around mantle)
 V - a ring of resist corrosion (on tentacle)
 Y - a ring of positive energy
Wands
 x - a wand of polymorph (8)
 C - a wand of mindburst (7)
 N - a wand of flame (9)
 Z - a wand of acid (5)
Scrolls
 c - 2 scrolls of amnesia
 m - 3 scrolls of vulnerability
 u - 5 scrolls of identify
 v - 4 scrolls of teleportation
 w - 2 scrolls of magic mapping
 B - 3 scrolls of immolation
 E - a scroll of blinking
 F - 3 scrolls of fog
 P - a scroll of fear {unknown}
Potions
 a - 4 potions of attraction
 d - 2 potions of ambrosia
 f - 2 potions of mutation {unknown}
 h - 2 potions of resistance
 j - a potion of invisibility {unknown}
 n - 2 potions of lignification
 q - 3 potions of brilliance
 z - 2 potions of might
 D - 5 potions of curing
 I - a potion of cancellation
 Q - 3 potions of haste
 S - 2 potions of berserk rage
 U - 2 potions of heal wounds
Miscellaneous
 b - a lightning rod (4/4)
 X - a phial of floods


   Skills:
 - Level 2.0 Dodging
 - Level 2.6 Stealth
 + Level 12.2 Spellcasting
 + Level 21.5 Conjurations
 + Level 1.8 Fire Magic


You had 19 spell levels left.
You knew the following spells:

 Your Spells              Type           Power      Damage    Failure   Level
a - Searing Ray           Conj           100%       2d8       0%          2
c - Fulminant Prism       Conj/Hex       33%        3d16      1%          4
d - Iskenderun's Mystic   Conj/Tloc      67%        2d14      1%          4
f - Fireball              Conj/Fire      45%        3d18      1%          5
m - Mephitic Cloud        Conj/Pois/Air  55%        N/A       1%          3

Your spell library contained the following spells:

 Spells                   Type           Power      Damage    Failure   Level
 Magic Dart               Conj           100%       1d8       0%          1
 Foxfire                  Conj/Fire      100%       2x1d9     1%          1
 Conjure Flame            Conj/Fire      90%        6-21      1%          3
 Dazzling Flash           Conj/Hex       100%       N/A       1%          3
 Flame Wave               Conj/Fire      90%        2d15      1%          4
 Irradiate                Conj/Tmut      33%        3d25      1%          5
 Apportation              Tloc           34%        N/A       3%          1
 Beastly Appendage        Tmut           34%        N/A       3%          1
 Wereblood                Tmut           17%        N/A       4%          2
 Starburst                Conj/Fire      45%        6d13      4%          6
 Inner Flame              Hex/Fire       33%        N/A       7%          3
 Spider Form              Tmut/Pois      17%        N/A       10%         3
 Blade Hands              Tmut           8%         N/A       65%         5
 Summon Forest            Summ/Tloc      8%         N/A       65%         5
 Summon Mana Viper        Hex/Summ       17%        N/A       65%         5
 Dispersal                Tloc           8%         N/A       99%         6
 Summon Cactus Giant      Summ           8%         N/A       99%         6
 Dragon Form              Tmut           8%         N/A       100%        7
 Disjunction              Tloc           8%         N/A       100%        8


Dungeon Overview and Level Annotations

Branches:
Dungeon (12/15)            Temple (1/1) D:4            Lair (6/6) D:10
 Shoals (0/4) Lair:2        Snake (0/4) Lair:2        Slime (0/5) Lair:6
    Orc (2/2) D:12
    Elf: Orc:2

Altars:
Ashenzari
Cheibriados
Dithmenos
Elyvilon
Fedhas
Gozag
Hepliaklqana
Kikubaaqudgha
Makhleb
Nemelex Xobeh
Okawaru
Qazlal
Ru
Sif Muna
Trog
Uskayaw
Vehumet
Wu Jian
Xom
Yredelemnul
The Shining One
Beogh

Shops:
D:9 *

Annotations:
D:7 exclusion: slime creature
Lair:2 3 runed translucent doors, Patoropollo's ghost, journeyman SpEn
Lair:3 3 runed translucent doors, Caeppaus's ghost, journeyman GrFi; Taemeyri's ghost, journeyman DsMo


Innate Abilities, Weirdness & Mutations

You cannot wear most types of armour.
You are amphibious.
You can wear up to eight rings at the same time.
Your skin changes colour to match your surroundings (Stealth+).
Your rubbery body absorbs attacks. (AC +1, EV +1)
((You are camouflaged when in or above water. (Stealth+)))
You have tentacles for arms and can constrict up to eight enemies at once.


Message History

You kill the orc wizard!
The fireball engulfs the orc sorcerer!
The orc sorcerer resists.
The orc sorcerer is almost dead.
The orc sorcerer is no longer distracted by gold.
The fireball engulfs the orc warrior!!
You kill the orc warrior!
The fireball engulfs the orc warrior!
The orc warrior is heavily wounded.
You hear a shout!
You hear a howl!
You hear a shout!
The warg is no longer distracted by gold.
An orc knight comes into view. It is wielding a +0 dire flail.
The orc sorcerer points at you and mumbles some strange words.
The bolt of fire hits you! You resist.
The warg is distracted by your dazzling golden aura.
The orc warrior is distracted by your dazzling golden aura.
The orc is distracted by your dazzling golden aura.
The orc sorcerer is distracted by your dazzling golden aura.
The orc warrior is distracted by your dazzling golden aura.
The orc sorcerer is no longer distracted by gold.
The orc sorcerer casts a spell at you.
You suddenly lose the ability to move!
The orc warrior shouts!
The orc shouts!
The warg howls!
The orc is no longer distracted by gold.
The orc hits you with a +0 flail.
The warg is no longer distracted by gold.
The orc knight roars a battlecry!
The orc knight goes into a battle-frenzy!
The orc hits you with a +0 flail!
The orc knight hits you with a +0 battleaxe.
The warg bites you!
* * * LOW HITPOINT WARNING * * *
The orc warrior is no longer distracted by gold.
The warg bites you!
* * * LOW HITPOINT WARNING * * *
The orc is distracted by your dazzling golden aura.
The orc sorcerer hits you but does no damage.
The orc knight hits you with a +0 battleaxe!!
You die...
Your body crumbles into a pile of gold.

#.................h...
#.....................
#.....................
#........h.........h..
#.....oo$.$.......#..#
#....<.oT$$...........
#......o.$........#...
#########...hoo.......#....#..
####............@o...#.#.....#.#.
.##...................#..........
..#................#.#.....#.#.#.
............#............#...##..
.......).....#....##.............
......))....#......#.............
......)..).......................
...............................#.
...................#.......#.##..


You could see 2 orc knights, a troll, 2 wargs, an orc sorcerer (strong), 2 orc
warriors and 2 orcs.

Vanquished Creatures
  Gastronok (Lair:3)
  An orc warlord (Orc:2)
  2 boulder beetles
  2 catoblepae
  7 hydras
  5 two-headed ogres
  3 death yaks (Lair:6)
  Sonja (Lair:3)
  Amaemon (D:8)
  2 lindwurms (Lair:6)
  An orc knight (Orc:2)
  An oklob plant (Lair:3)
  A necromancer (D:9)
  An orc sorcerer (Orc:2)
  2 cyclopes (D:12)
  6 black mambas
  13 elephants
  A gargoyle (D:11)
  An orange demon (D:8)
  13 cane toads
  5 rime drakes
  2 kobold demonologists
  2 torpor snails
  11 komodo dragons
  3 polar bears (Lair:6)
  3 trolls
  Grinder (D:3)
  5 slime creatures (D:7)
  17 blink frogs
  12 dream sheep
  5 wyverns
  24 yaks
  3 wraiths (D:12)
  2 basilisks
  2 steam dragons (D:8)
  3 vampire mosquitoes (D:12)
  Menkaure (D:7)
  4 nagas (Lair:2)
  2 wargs (Orc:2)
  14 water moccasins
  11 orc warriors
  A swamp drake (D:12)
  An ice beast (D:7)
  A sky beast (D:5)
  4 ogres
  4 centaurs
  8 wolves
  11 kobold brigands (D:9)
  6 bullfrogs
  3 scorpions
  16 wights
  19 killer bees
  3 electric eels
  A howler monkey (D:9)
  3 hounds
  A jelly (D:6)
  Crazy Yiuf (D:7)
  5 orc priests
  6 iguanas
  16 orc wizards
  A polar bear simulacrum (D:9)
  4 yak simulacra (D:9)
  3 wolf simulacra
  7 gnolls (D:5)
  5 adders
  3 shadow imps
  A white imp (D:6)
  An ufetubus (D:5)
  4 worms (D:2)
  2 dart slugs
  57 orcs
  7 bats
  7 endoplasms
  2 giant cockroaches (D:3)
  6 goblins
  5 hobgoblins
  2 jackals (D:1)
  2 quokkas
  4 frilled lizards
  28 kobolds
  7 kobold skeletons (D:9)
  11 kobold zombies (D:9)
  6 rats
  4 river rat simulacra (D:9)
  A bush (Lair:3)
  A fulminant prism (Lair:3)
488 creatures vanquished.

Vanquished Creatures (others)
  164 fulminant prisms
  57 fungi
  122 plants
343 creatures vanquished.

Grand Total: 831 creatures vanquished

Notes
Turn   | Place    | Note
-------+----------+-------------------------------------------
     0 | D:1      | ooooo the Octopode Conjurer began the quest for the Orb.
     0 | D:1      | Reached XP level 1. HP: 11/11 MP: 3/3
   300 | D:1      | Reached XP level 2. HP: 17/17 MP: 5/5
  1114 | D:1      | Reached XP level 3. HP: 21/21 MP: 6/6
  1381 | D:2      | Reached skill level 5 in Conjurations
  1784 | D:2      | Found a faded altar of an unknown god.
  2114 | D:2      | Reached XP level 4. HP: 26/27 MP: 3/7
  2801 | D:2      | Learned a level 4 spell: Fulminant Prism
  2804 | D:2      | Learned a level 2 spell: Searing Ray
  2941 | D:3      | Noticed Grinder
  3008 | D:2      | Identified a scroll of acquirement
  3008 | D:2      | Acquired Pengosen's Guide on Displacement and Confrontation
  3237 | D:3      | Reached skill level 6 in Conjurations
  3237 | D:3      | Reached XP level 5. HP: 3/31 MP: 0/8
  3901 | D:3      | Paralysed by Grinder for 7 turns
  3911 | D:3      | Killed Grinder
  3912 | D:3      | Reached skill level 7 in Conjurations
  3912 | D:3      | Reached XP level 6. HP: 3/36 MP: 6/9
  4564 | D:4      | Found a shimmering altar of Xom.
  5013 | D:4      | Found a staircase to the Ecumenical Temple.
  5026 | Temple   | Entered the Ecumenical Temple
  5088 | Temple   | Became a worshipper of Gozag Ym Sagoz the Greedy
  5553 | D:5      | Entered Level 5 of the Dungeon
  5565 | D:5      | Reached skill level 8 in Conjurations
  5755 | D:5      | Reached XP level 7. HP: 41/41 MP: 4/10
  5815 | D:5      | Found an ancient bone altar of Kikubaaqudgha.
  5815 | D:5      | Found a hide-covered altar of Uskayaw.
  5816 | D:5      | Found a blossoming altar of Fedhas.
  6596 | D:5      | Reached skill level 9 in Conjurations
  7216 | D:6      | Reached XP level 8. HP: 46/46 MP: 5/11
  7732 | D:6      | Reached skill level 10 in Conjurations
  8424 | D:7      | Noticed a slime creature
  8424 | D:7      | Noticed a slime creature
  8424 | D:7      | Noticed a slime creature
  8758 | D:7      | Noticed Menkaure
  9259 | D:7      | Reached skill level 11 in Conjurations
  9370 | D:7      | Killed Menkaure
 10198 | D:7      | Found a runed translucent door.
 10199 | D:7      | Noticed Crazy Yiuf
 10452 | D:8      | Reached XP level 9. HP: 51/51 MP: 6/12
 10675 | D:8      | Reached skill level 12 in Conjurations
 10987 | D:8      | Found a snail-covered altar of Cheibriados.
 11035 | D:8      | Reached skill level 13 in Conjurations
 11141 | D:8      | Noticed Amaemon
 11961 | D:8      | Learned a level 4 spell: Iskenderun's Mystic Blast
 12073 | D:8      | Noticed an orange demon
 12079 | D:8      | Killed an orange demon
 12080 | D:8      | Reached skill level 14 in Conjurations
 12080 | D:8      | Reached XP level 10. HP: 56/56 MP: 4/13
 12859 | D:8      | Killed Amaemon
 13874 | D:7      | Found a runed translucent door.
 14134 | D:7      | Reached skill level 15 in Conjurations
 15034 | D:7      | Learned a level 3 spell: Mephitic Cloud
 15040 | D:7      | Killed Crazy Yiuf
 15239 | D:9      | Found a shadowy altar of Dithmenos.
 15239 | D:9      | Found a radiant altar of Vehumet.
 15239 | D:9      | Found a sacrificial altar of Ru.
 15239 | D:9      | Found a stormy altar of Qazlal.
 15239 | D:9      | Found a burning altar of Makhleb.
 15654 | D:9      | Found Lounoafu's Assorted Antiques.
 15721 | D:9      | Bought a scroll labelled IHONWY HYESHRY for 27 gold pieces
 15721 | D:9      | Bought a scroll of magic mapping for 94 gold pieces
 15721 | D:9      | Bought a scroll of magic mapping for 94 gold pieces
 15984 | D:9      | Noticed a two-headed ogre
 16007 | D:9      | Killed a two-headed ogre
 16008 | D:9      | Reached skill level 16 in Conjurations
 16461 | D:9      | Noticed a necromancer
 16467 | D:9      | Killed a necromancer
 16468 | D:9      | Reached XP level 11. HP: 61/61 MP: 0/14
 17134 | D:9      | Reached skill level 17 in Conjurations
 17799 | D:9      | Found an ancient bone altar of Kikubaaqudgha.
 18028 | D:10     | Entered Level 10 of the Dungeon
 18422 | D:10     | Noticed a two-headed ogre
 18427 | D:10     | Killed a two-headed ogre
 18579 | D:10     | Found a staircase to the Lair.
 18797 | Lair:1   | Entered Level 1 of the Lair of Beasts
 18812 | D:10     | Reached skill level 18 in Conjurations
 19272 | Lair:1   | You fall into a shaft and drop 1 floor!
 20033 | Lair:1   | Reached XP level 12. HP: 66/66 MP: 10/18
 20135 | Lair:1   | Learned a level 5 spell: Fireball
 20474 | Lair:1   | Reached skill level 5 in Spellcasting
 22051 | Lair:2   | Found a staircase to the Snake Pit.
 22374 | Lair:2   | Reached skill level 19 in Conjurations
 22403 | Lair:2   | Found a runed translucent gate.
 22403 | Lair:2   | Found a runed translucent gate.
 22403 | Lair:2   | Found a runed translucent gate.
 22692 | Lair:2   | Noticed a minotaur
 23154 | Lair:2   | Noticed Patoropollo's ghost (journeyman SpEn)
 23305 | Lair:2   | Found a staircase to the Shoals.
 24251 | Lair:3   | Noticed Gastronok
 24926 | Lair:3   | Noticed a catoblepas
 24936 | Lair:3   | Killed a catoblepas
 25931 | Lair:3   | Reached XP level 13. HP: 71/71 MP: 6/24
 26667 | Lair:3   | Found a runed translucent gate.
 26668 | Lair:3   | Found a runed translucent gate.
 26670 | Lair:3   | Found a runed translucent gate.
 27153 | Lair:3   | Noticed Caeppaus's ghost (journeyman GrFi)
 27154 | Lair:3   | Noticed Taemeyri's ghost (journeyman DsMo)
 27203 | Lair:3   | Killed Gastronok
 27645 | Lair:3   | Noticed Sonja
 27650 | Lair:3   | Killed Sonja
 28617 | Lair:4   | Reached skill level 20 in Conjurations
 30235 | Lair:6   | Entered Level 6 of the Lair of Beasts
 30666 | Lair:6   | Reached skill level 10 in Spellcasting
 31274 | Lair:6   | Reached XP level 14. HP: 68/76 MP: 1/28
 31729 | Lair:6   | Found a staircase to the Slime Pits.
 31983 | Lair:6   | Reached skill level 21 in Conjurations
 33751 | D:12     | Found a staircase to the Orcish Mines.
 34162 | Orc:1    | Entered Level 1 of the Orcish Mines
 34289 | Orc:2    | Entered Level 2 of the Orcish Mines
 34699 | Orc:2    | Noticed an orc warlord
 34701 | Orc:2    | Reached skill level 1 in Fire Magic
 34702 | Orc:2    | Noticed an orc warlord
 34706 | Orc:2    | Killed an orc warlord
 34745 | Orc:2    | Paralysed by an orc sorcerer for 5 turns
 34749 | Orc:2    | Mangled by an orc knight

Illustrated notes

Levels and vault maps discovered:
D:1:      dpeg_arrival_renting, layout_loops_ring
D:2:      layout_loops_ring, hellmonk_ecumenical_altar_defaced_shrine,
          kennysheep_cluttered_room, grunt_ministairs_14,
          nicolae_figureground_pulse
D:3:      layout_loops_ring, uniq_grinder
D:4:      layout_loops_ring, mainiacjoe_overflow_tiny_flanked,
          minmay_temple_entry_junction
D:5:      layout_basic, gammafunk_temple_overflow_forgotten
D:6:      layout_basic
D:7:      layout_layer_cave, uniq_menkaure, uniq_crazy_yiuf_cottage
D:8:      layout_basic, kennysheep_mini, minmay_misc_feat_diagonals,
          uniq_amaemon
D:9:      wander_kiku_kobolds, layout_basic, grunt_temple_overflow_open,
          serial_shops, kennysheep_little_box, eino_house_with_fridge
D:10:     layout_rooms, dpeg_oklobed_lair
D:11:     layout_cave_pools
D:12:     layout_rooms, erik_orc_1
Temple:   minmay_temple_bridge_abc
Lair:1:   layout_cave_pods, chequers_serial_rivers_small_b, beast_lair_carwin_1,
          grunt_megastairs_2
Lair:2:   layout_regular_city, minmay_shoals_entry_centaurs,
          minmay_snake_entry_guardpost_small,
          portal_ice_cave_entry_ice_simulacra, maelrawn_ghost_gauntlet_escape,
          serial_bayou, serial_bayou_ford_a, serial_bayou_crossing,
          serial_bayou_pond_e, serial_bayou_shore_b
Lair:3:   layout_gridlike, serial_forest, infiniplex_forest_straight_3,
          infiniplex_forest_straight_5, infiniplex_forest_lined_4_way,
          infiniplex_forest_lined_ring, infiniplex_forest_zigzag_1,
          gammafunk_ghost_cemetery, minivault_25, minmay_lair_oklob_items,
          uniq_sonja, uniq_gastronok
Lair:4:   layout_regular_city
Lair:5:   layout_cave_pods
Lair:6:   hangedman_lair_in_review, layout_regular_city,
          minmay_slime_entry_oklob_enclosed, uniq_rupert
Orc:1:    layout_caves, serial_shops, shop, uniq_josephine
Orc:2:    st_orc_congregation, layout_caves, minmay_orc_treasury

Skill      XL: |  1  2  3  4  5  6  7  8  9 10 11 12 13 14 |
---------------+-------------------------------------------+-----
Conjurations   | 5 6 7 8 9 11 14 16 18 19 20 21 | 21.5
Spellcasting   | 4 7 10 12 | 12.2
Fire Magic     | 1 |  1.8
Dodging        | |  2.0
Stealth        | |  2.6

Action                   |  1- 3 |  4- 6 |  7- 9 | 10-12 | 13-15 || total
-------------------------+-------+-------+-------+-------+-------++-------
Melee: Unarmed           |    13 |       |       |       |       ||    13
       Tentacles         |     7 |     2 |       |    38 |    15 ||    62
       Constrict         |     6 |     1 |     2 |    22 |     3 ||    34
       Dagger            |    26 |       |       |       |       ||    26
       Mace              |       |     6 |     4 |    23 |       ||    33
       Flail             |       |       |     4 |    99 |     6 ||   109
       Punch             |       |       |       |     2 |     4 ||     6
       Staff             |       |       |       |     1 |    32 ||    33
       Short sword       |       |       |       |     1 |       ||     1
 Cast: Magic Dart        |    44 |    26 |       |       |       ||    70
       Searing Ray       |       |    18 |    46 |    38 |     8 ||   110
       Fulminant Prism   |       |       |    20 |   113 |    32 ||   165
       Iskenderun's Myst |       |       |       |    16 |     4 ||    20
       Mephitic Cloud    |       |       |       |    11 |     9 ||    20
       Fireball          |       |       |       |    33 |   193 ||   226
Evoke: Wand              |       |       |     2 |    12 |     8 ||    22
  Use: Scroll            |       |    11 |     3 |     9 |    10 ||    33
       Potion            |       |     1 |     1 |     2 |       ||     4
 Stab: Sleeping          |     8 |       |       |       |       ||     8
       Distracted        |       |       |       |     2 |       ||     2
       Confused          |       |       |       |     3 |       ||     3
Armor: Skin              |     7 |     2 |    16 |    33 |     9 ||    67
Dodge: Dodged            |    23 |     5 |    33 |   163 |    29 ||   253

Table legend: (Time is in decaauts)
 A = Elapsed time spent in this place.
 B = Non-inter-level travel time spent in this place.
 C = Inter-level travel time spent in this place.
 D = Time resting spent in this place.
 E = Time spent auto-exploring this place.
 F = Levels seen in this place.
 G = Mean time per level.
                   A        B        C        D        E       F      G
               +--------+--------+--------+--------+--------+-----+--------+
         Total |  34813 |  33414 |   1399 |  14471 |  14181 |  21 | 1657.8 |
       Dungeon |  20586 |  19942 |    644 |   8060 |   8901 |  12 | 1715.5 |
        Temple |     82 |     63 |     19 |      0 |     45 |   1 |   82.0 |
          Lair |  13557 |  12837 |    720 |   6217 |   4985 |   6 | 2259.5 |
  Orcish Mines |    587 |    571 |     16 |    194 |    250 |   2 |  293.5 |
               +--------+--------+--------+--------+--------+-----+--------+

Top non-repeatable levels by time:
  Lair:2: 4960 daAuts
     D:7: 4139 daAuts
     D:8: 2751 daAuts
  Lair:1: 2464 daAuts
     D:9: 2443 daAuts
  Lair:6: 2134 daAuts
  Lair:3: 1840 daAuts
     D:5: 1605 daAuts
     D:2: 1590 daAuts
     D:3: 1583 daAuts
     D:6: 1537 daAuts
     D:1: 1375 daAuts
    D:10: 1312 daAuts
  Lair:5: 1240 daAuts
     D:4: 923 daAuts
